 Dungeon Crawl Stone Soup version 0.29-a0-234-g0dae59b3db (webtiles) character file.

Game seed: 10922751031591628120

3157 testman the Skirmisher (level 10, 0/78 (79) HPs)
             Began as a Formicid Hunter on Mar 3, 2022.
             Was an Elder of Sif Muna.
             Slain by a wight
             ... wielding a +4 trident
              (7 damage)
             ... on level 7 of the Dungeon.
             The game lasted 00:39:06 (10306 turns).

testman the Skirmisher (Formicid Hunter)           Turns: 10306, Time: 00:39:07

HP:   0/78 (79)     AC:  8    Str: 24    XL:     10   Next: 15%
MP:   15/15         EV: 10    Int: 12    God:    Sif Muna [****..]
Gold: 454           SH: 11    Dex: 13    Spells: 9/16 levels left

rFire   . . .      SeeInvis +   a - +1 hand crossbow
rCold   + . .      Faith    .   x - +2 kite shield
rNeg    . . .      Spirit   .   b - +2 leather armour
rPois   .          Reflect  .   (helmet unavailable)
rElec   .          Harm     .   (no cloak)
rCorr   .          Rampage  .   (no gloves)
Will    +....                   j - +2 pair of boots
Stlth   +.........              (no amulet)
HPRegen 0.23/turn               i - +6 ring of strength
MPRegen 0.14/turn               m - ring of protection from cold

@: studying Fighting, lightly drained
A: permanent stasis, dig shafts and tunnels, antennae 3, four strong arms
a: Dig, Shaft Self, Renounce Religion, Channel Magic, Forget Spell, Divine
Exegesis


You were on level 7 of the Dungeon.
You worshipped Sif Muna.
Sif Muna was greatly pleased with you.
You visited 1 branch of the dungeon, and saw 7 of its levels.
You also visited: Sewer and Ossuary.

You collected 454 gold pieces.

Inventory:

Hand Weapons
 a - a +1 hand crossbow (weapon)
Missiles
 n - 8 curare-tipped darts
Armour
 b - a +2 leather armour (worn)
 j - a +2 pair of boots (worn)
 x - a +2 kite shield (worn)
Jewellery
 i - a +6 ring of strength (left hand)
 m - a ring of protection from cold (right hand)
 q - a ring of positive energy
Wands
 d - a wand of flame (13)
 s - a wand of polymorph (12)
 y - a wand of iceblast (10)
Scrolls
 e - a scroll of enchant weapon {unknown}
 h - a scroll of magic mapping
 k - a scroll of fog
 l - 5 scrolls of teleportation
 p - a scroll of blinking
 v - a scroll of noise {unknown}
 w - 2 scrolls of immolation {unknown}
 z - a scroll of amnesia {unknown}
 F - a scroll of brand weapon {unknown}
Potions
 c - 2 potions of brilliance
 f - 2 potions of berserk rage
 o - a potion of attraction {unknown}
 t - a potion of haste {unknown}
 u - a potion of mutation {unknown}
 A - a potion of might {unknown}
 B - a potion of magic {unknown}
 C - a potion of ambrosia {unknown}
 D - 2 potions of cancellation {unknown}
 E - 2 potions of lignification {unknown}


   Skills:
 + Level 7.4 Fighting
 + Level 7.1 Crossbows
 - Level 1.7 Dodging
 - Level 1.2 Stealth
 + Level 4.2 Shields
 + Level 3.8 Spellcasting
 + Level 6.3 Hexes
 + Level 4.0 Translocations
 - Level 2.0 Earth Magic
 + Level 6.3 Invocations


You had 9 spell levels left.
You knew the following spells:

 Your Spells              Type           Power      Damage    Failure   Level
a - Portal Projectile     Hex/Tloc       28%        N/A       22%         3
b - Leda's Liquefaction   Hex/Erth       6%         N/A       71%         4

Your spell library contained the following spells:

 Spells                   Type           Power      Damage    Failure   Level
 Beastly Appendage        Tmut           4%         N/A       52%         1
 Wereblood                Tmut           2%         N/A       65%         2
 Call Canine Familiar     Summ           2%         N/A       87%         3
 Spider Form              Tmut/Pois      2%         N/A       87%         3


Dungeon Overview and Level Annotations

Branches:
Dungeon (7/15)             Temple (0/1) D:4           Sewer (visited)
Ossuary (visited)

Altars:
Hepliaklqana
Kikubaaqudgha
Makhleb
Sif Muna
Vehumet
The Shining One

Shops:
D:7 *


Innate Abilities, Weirdness & Mutations

You cannot be hasted, slowed, berserked, paralysed or teleported.
You can dig through walls and to a lower floor.
You have a pair of large antennae on your head. (SInv)
Your four strong arms can wield two-handed weapons with a shield.


Message History

Press: ? - help, Q - select action, (/) - cycle Shift-Dir - straight line, f/p - centaur
Aim: a centaur, wielding a +0 shortbow (heavily wounded, 76% to hit)
You shoot a bolt. The bolt hits the centaur.
The centaur is heavily wounded.
The centaur shoots an arrow.
The arrow barely misses you.
The centaur shoots an arrow.
You block the arrow.
Shoot: a) +1 hand crossbow
Press: ? - help, Q - select action, (/) - cycle Shift-Dir - straight line, f/p - centaur
Aim: a centaur, wielding a +0 shortbow (heavily wounded, 76% to hit)
You shoot a bolt. The bolt hits the centaur!
The centaur is almost dead.
The centaur shoots an arrow.
The arrow hits you.
* * * LOW HITPOINT WARNING * * *
Shoot: a) +1 hand crossbow
Press: ? - help, Q - select action, (/) - cycle Shift-Dir - straight line, f/p - centaur
Aim: a centaur, wielding a +0 shortbow (almost dead, 76% to hit)
Okay, then.
Shoot: a) +1 hand crossbow
Press: ? - help, Q - select action, (/) - cycle Shift-Dir - straight line, f/p - centaur
Aim: a centaur, wielding a +0 shortbow (almost dead, 76% to hit)
You shoot a bolt.
The bolt hits the centaur but does no damage.
The centaur is almost dead.
The centaur unwields a +0 shortbow.
You block the centaur's attack.
The centaur kicks you but does no damage.
The wight closely misses you. The centaur closely misses you.
You block the centaur's attack.
Shoot: a) +1 hand crossbow
Press: ? - help, Q - select action, (/) - cycle Shift-Dir - straight line, f - wight, p - centaur
Aim: a wight, wielding a +4 trident and wearing a +0 robe (66% to hit)
You shoot a bolt. The bolt hits the centaur!
You kill the centaur!
Sif Muna accepts your kill. The wight misses you.
Your Translocations skill increases to level 4!
Unknown command.
Things that are here:
a +0 dagger; a +0 robe The wight hits you from afar with a +4 trident!
You die...

.# ##.......##.# .#
##......##.# ##
##.).#.##.#
###############.##.##.#
............###.##.##.#
########.....##)##.##.#
.## #.......#.##.##.###
..#####.......z)).......#
{z.z..#....)..#.@.....#.#
..###z##.....#####.####.#
.## ##...## #......# ..{
##### ######.# ..#.# #.#
#.# # #.# .# #.# . #.#
##.#


You could see a wight.

Vanquished Creatures
  Edmund (D:6)
  Duvessa (D:4)
  A water moccasin (D:6)
  2 black bears
  2 sky beasts
  2 centaurs
  A phantom (D:3)
  3 kobold brigands (Sewer)
  5 necrophages (D:5)
  A bullfrog (D:4)
  4 elf zombies (Ossuary)
  3 scorpions
  A water moccasin zombie (D:5)
  Dowan (D:4)
  5 killer bees (D:6)
  A howler monkey (D:5)
  A centaur zombie (Ossuary)
  2 hounds
  A jelly (D:4)
  An orc priest (D:7)
  2 human zombies
  An iguana (D:4)
  An iron imp (D:5)
  A scorpion zombie (D:5)
  An orc wizard (D:7)
  2 hound zombies (Ossuary)
  A hound skeleton (D:5)
  8 mummies
  9 adders
  A white imp (D:5)
  2 ufetubi
  6 adder zombies (Ossuary)
  4 worms
  The ghost of spaghetti the Shield-Bearer, a weakling FoFi (D:4)
  A dart slug (D:2)
  23 orcs
  10 endoplasms
  4 giant cockroaches
  6 goblins
  8 hobgoblins
  2 jackals (D:2)
  15 kobolds
  2 quokkas
  7 ball pythons
  3 bats
  A frilled lizard (D:2)
  A gnoll zombie (Ossuary)
  A goblin skeleton (D:5)
  3 goblin zombies (Ossuary)
  2 hobgoblin zombies (Ossuary)
  3 jackal zombies (Ossuary)
  A kobold skeleton (D:5)
  5 kobold zombies (Ossuary)
  4 orc zombies
  2 quokka zombies (Ossuary)
  4 rats
  4 rat zombies (Ossuary)
191 creatures vanquished.

Vanquished Creatures (collateral kills)
  A black bear (D:6)
  A howler monkey (D:6)
2 creatures vanquished.

Grand Total: 193 creatures vanquished

Notes
Turn   | Place    | Note
-------+----------+-------------------------------------------
     0 | D:1      | testman the Formicid Hunter began the quest for the Orb.
     0 | D:1      | Reached XP level 1. HP: 16/16 MP: 1/1
    90 | D:1      | Reached XP level 2. HP: 23/23 MP: 2/2
    99 | D:1      | Found a faded altar of an unknown god.
   105 | D:1      | Prayed at the altar of an unknown god.
   105 | D:1      | Became a worshipper of Sif Muna the Loreminder
   105 | D:1      | Reached * piety under Sif Muna
   500 | D:2      | Reached XP level 3. HP: 17/29 MP: 3/3
  1387 | D:3      | Learned a level 3 spell: Portal Projectile
  1401 | D:3      | Reached skill level 1 in Invocations
  1422 | D:3      | Reached XP level 4. HP: 35/35 MP: 4/4
  1528 | D:3      | You fall into a shaft and drop 1 floor!
  1550 | D:4      | Reached skill level 1 in Spellcasting
  1598 | D:4      | Found a sand-covered staircase.
  1603 | Ossuary  | Entered an ossuary
  1636 | Ossuary  | Reached ** piety under Sif Muna
  1652 | Ossuary  | Reached skill level 1 in Hexes
  1672 | Ossuary  | Reached XP level 5. HP: 29/42 MP: 6/6
  1803 | Ossuary  | Reached skill level 5 in Crossbows
  1896 | Ossuary  | Reached XP level 6. HP: 48/48 MP: 7/7
  2260 | Ossuary  | Reached skill level 1 in Translocations
  2509 | Ossuary  | Reached XP level 7. HP: 31/55 MP: 9/9
  2824 | Ossuary  | Learned a level 4 spell: Leda's Liquefaction
  2930 | D:3      | Reached *** piety under Sif Muna
  3819 | D:4      | Found a radiant altar of Vehumet.
  4048 | D:4      | Noticed Duvessa
  4055 | D:4      | Killed Duvessa
  4056 | D:4      | Reached skill level 5 in Fighting
  4056 | D:4      | Reached XP level 8. HP: 62/62 MP: 9/11
  4078 | D:4      | Noticed spaghetti's ghost (weakling FoFi)
  4134 | D:4      | Noticed Dowan
  4156 | D:4      | Killed Dowan
  4279 | D:4      | Found a runed translucent gate.
  4280 | D:4      | Found a runed translucent gate.
  4280 | D:4      | Found a runed translucent gate.
  4301 | D:4      | Found a staircase to the Ecumenical Temple.
  4480 | D:4      | Reached skill level 1 in Earth Magic
  4485 | D:4      | Killed spaghetti's ghost
  5216 | D:5      | Entered Level 5 of the Dungeon
  5336 | D:5      | Found a glowing drain.
  5345 | Sewer    | Entered a sewer
  5439 | Sewer    | Reached **** piety under Sif Muna
  5569 | Sewer    | Reached skill level 1 in Shields
  6114 | Sewer    | HP: 3/63 [poisoned by a kobold brigand (curare-tipped
                  | dart)]
  6475 | D:5      | Found a glowing golden altar of the Shining One.
  6600 | D:5      | Found a burning altar of Makhleb.
  6828 | D:5      | Reached skill level 5 in Hexes
  6828 | D:5      | Reached XP level 9. HP: 68/68 MP: 12/12
  6844 | D:5      | Reached skill level 5 in Invocations
  7628 | D:5      | Found an ancient bone altar of Kikubaaqudgha.
  8697 | D:6      | Noticed Edmund
  8722 | D:6      | Killed Edmund
  8723 | D:6      | Reached XP level 10. HP: 25/79 MP: 15/15
  9002 | D:6      | Found a hazy altar of Hepliaklqana.
 10115 | D:7      | Found Amodih's Overcharged Wands.
 10286 | D:7      | HP: 2/76 [centaur/arrow (6)]
 10306 | D:7      | Slain by a wight

Illustrated notes

Levels and vault maps discovered:
D:1:      psy_arrival_whirlpool, layout_rooms, basic_ecumenical_altar,
          minmay_tromino_v2
D:2:      layout_loops_ring, kennysheep_generic_room_6
D:3:      layout_basic, minmay_fractal_squares_gapless_5
D:4:      layout_basic, mainiacjoe_overflow_catwalk, temple_statues,
          lightli_ossuary_entry_decrepit_ruins, gammafunk_ghost_split,
          minmay_stone_trees_small, uniq_duvessa
D:5:      layout_basic, makhleb_blood_cavern_becter,
          lemuel_mausoleum_altar_kikubaaqudgha, nicolae_tso_besieged_by_evil,
          portal_sewer_entry_d
D:6:      layout_rooms, nicolae_overflow_hidden_temple, uniq_edmund
D:7:      layout_loops_ring, gammafunk_temple_overflow_elements,
          nicolae_shop_overcharged_wands

Skill      XL: |  1  2  3  4  5  6  7  8  9 10 |
---------------+-------------------------------+-----
Fighting       | 3 4 5 7 |  7.4
Invocations    | 1 2 3 4 6 |  6.3
Spellcasting   | 1 2 3 |  3.8
Hexes          | 1 2 3 4 5 6 |  6.3
Crossbows      | 5 6 7 |  7.1
Translocations | 1 2 3 4 |  4.0
Earth Magic    | 2 |  2.0
Shields        | 1 3 4 |  4.2
Dodging        | |  1.7
Stealth        | |  1.2

Action                   |  1- 3 |  4- 6 |  7- 9 | 10-12 || total
-------------------------+-------+-------+-------+-------++-------
 Fire: Hand crossbow     |    98 |   259 |   648 |   121 ||  1126
Throw: Dart              |       |       |     1 |       ||     1
 Abil: Dig               |       |     2 |     4 |     1 ||     7
  Use: Scroll            |       |     4 |     9 |     1 ||    14
       Potion            |       |       |     9 |     1 ||    10
Armor: Leather armour    |    13 |    58 |   126 |    27 ||   224
Dodge: Dodged            |    25 |    74 |   208 |    49 ||   356
Block: Kite shield       |       |       |   171 |    73 ||   244

Table legend: (Time is in decaauts)
 A = Elapsed time spent in this place.
 B = Non-inter-level travel time spent in this place.
 C = Inter-level travel time spent in this place.
 D = Time resting spent in this place.
 E = Time spent auto-exploring this place.
 F = Levels seen in this place.
 G = Mean time per level.
                   A        B        C        D        E       F      G
               +--------+--------+--------+--------+--------+-----+--------+
         Total |  10734 |  10414 |    320 |   3830 |   4043 |   9 | 1192.7 |
       Dungeon |   8249 |   7929 |    320 |   2552 |   3648 |   7 | 1178.4 |
         Sewer |   1194 |   1194 |      0 |    678 |    215 |   1 | 1194.0 |
       Ossuary |   1290 |   1290 |      0 |    600 |    180 |   1 | 1290.0 |
               +--------+--------+--------+--------+--------+-----+--------+

Top non-repeatable levels by time:
     D:6: 1882 daAuts
     D:4: 1852 daAuts
     D:5: 1836 daAuts
 Ossuary: 1290 daAuts
   Sewer: 1194 daAuts
     D:3: 903 daAuts
     D:2: 889 daAuts
     D:1: 488 daAuts
     D:7: 395 daAuts
